 Dungeon Crawl Stone Soup version 0.22.0 (webtiles) character file.

1040 CyclopB the Stinger (level 8, -2/52 HPs)
             Began as a Formicid Venom Mage on Dec 16, 2018.
             Was a Follower of Okawaru.
             Shot with an arrow by a centaur (10 damage)
             ... on level 5 of the Dungeon on Dec 17, 2018.
             The game lasted 01:52:14 (7593 turns).

CyclopB the Stinger (Formicid Venom Mage)           Turns: 7593, Time: 01:52:15

Health: -2/52      AC:  5    Str: 15    XL:     8   Next: 49%
Magic:  11/11      EV: 13    Int: 16    God:    Okawaru [*.....]
Gold:   293        SH:  0    Dex: 12    Spells: 6/11 levels left

rFire    . . .     SeeInvis +   o - +1 dagger (speed)
rCold    . . .     Gourm    .   (no shield)
rNeg     . . .     Faith    .   p - +1 robe {Archmagi}
rPois    .         Spirit   .   (helmet unavailable)
rElec    .         Reflect  .   f - +0 cloak
rCorr    .         Harm     .   l - +0 pair of gloves
MR       .....                  (no boots)
Stlth    ++++......             (no amulet)
HPRegen  0.17/turn              r - ring of stealth
MPRegen  0.12/turn              q - +2 ring of intelligence

@: invisible
A: permanent stasis, dig shafts and tunnels, four strong arms, antennae 3
a: Dig, Shaft Self, Heroism, Renounce Religion


You were on level 5 of the Dungeon.
You worshipped Okawaru.
Okawaru was aware of your devotion.
You were not hungry.

You visited 2 branches of the dungeon, and saw 6 of its levels.
You also visited: Sewer.

You collected 293 gold pieces.

Inventory:

Hand Weapons
 i - a +0 whip
 k - a +6 flail of protection
 o - a +1 dagger of speed (weapon)
 s - a cursed -2 whip
 u - a +0 spear
 F - a +0 hunting sling
Missiles
 b - 81 bolts
 g - 49 sling bullets
 j - 180 stones (quivered)
 n - 48 arrows
 D - 6 tomahawks
Armour
 f - a +0 cloak (worn)
 l - a +0 pair of gloves (worn)
 p - a +1 robe of the Archmagi (worn)
 x - a +0 scale mail
Jewellery
 q - a +2 ring of intelligence (right hand)
 r - a ring of stealth (left hand)
Scrolls
 a - 4 scrolls of remove curse
 d - 2 scrolls of identify
 h - 2 scrolls of fear
 t - a scroll of amnesia
 y - a scroll of fog {unknown}
 C - a scroll of random uselessness {unknown}
 E - 2 scrolls of enchant weapon {unknown}
 K - a scroll of enchant armour {unknown}
 L - a scroll of blinking {unknown}
Potions
 e - a potion of curing {unknown}
 m - a potion of might {unknown}
 v - a potion of degeneration {unknown}
 w - 2 potions of ambrosia
 z - 3 potions of haste {unknown}
 A - a potion of mutation {unknown}
 B - 2 potions of lignification {unknown}
 G - a potion of invisibility
 H - 3 potions of flight
 I - a potion of agility {unknown}
Comestibles
 c - 12 rations


   Skills:
 - Level 4.1 Short Blades
 - Level 0.4 Slings
 + Level 3.7 Dodging
 - Level 6.0 Stealth
 - Level 2.1 Spellcasting
 - Level 3.0 Conjurations
 + Level 7.5 Poison Magic


You had 6 spell levels left.
You knew the following spells:

 Your Spells              Type           Power        Failure   Level  Hunger
b - Poisonous Vapours     Pois/Air       ###...       7%          2    ###....
c - Mephitic Cloud        Conj/Pois/Air  ###.....     14%         3    ###....

Your spell library contained the following spells:

 Spells                   Type           Power        Failure   Level  Hunger
 Venom Bolt               Conj/Pois      ####......   54%         5    ######.
 Olgreb's Toxic Radiance  Pois           #####...     10%         4    #####..
 Sting                    Conj/Pois      ####         2%          1    #......


Dungeon Overview and Level Annotations

Branches:
Dungeon (5/15)             Temple (1/1) D:4

Altars:
Ashenzari
Elyvilon
Fedhas
Gozag
Okawaru
Qazlal
Ru
Sif Muna
Wu Jian
Xom
Yredelemnul
The Shining One

Annotations:
D:2 Robin; Sigmund; Terence
D:3 3 runed doors, DangYo's ghost, amateur HOMo


Innate Abilities, Weirdness & Mutations

You cannot be hasted, slowed, berserked, paralysed or teleported.
You can dig through walls and to a lower floor.
Your four strong arms can wield two-handed weapons with a shield.
You have a pair of large antennae on your head. (SInv)


Message History

There is a stone staircase leading down here.
All of the chunks of flesh in your inventory have rotted away.
The centaur is too close now for your liking.
The centaur shouts!
The centaur wields a runed shortbow.
The centaur shoots an arrow.
The arrow hits you!
You see here an arrow.
The centaur shoots an arrow.
The arrow hits you!
You see here an arrow.
The centaur shoots an arrow.
The arrow hits you!
You see here an arrow.
The centaur shoots an arrow.
The arrow hits you!
* * * LOW HITPOINT WARNING * * *
You see here an arrow.
Unknown command.
Unknown command.
Unknown command.
You fade into invisibility!
The centaur shoots an arrow.
The arrow hits you!
You die...

#
##..≈≈≈≈≈.........#
# #
#...≈≈c.......#### #
#.........###(# #
#.........# #c# # ##
#####..##.# #.# # .#
##....###.# # .#
####.##..# # .#
#.##(## # .# #.##@#
# .# #.##.# # .#
#.##.# #
.############.##.# #
..............##.###
#
<##########........#
# .# #.####.#.#
############ .# #.#
#.#.# #...........
## #.# #.#.#
#.##########


You could see a centaur.

Vanquished Creatures
  Edmund (D:4)
  3 ogres
  A scorpion (D:4)
  A howler monkey (D:4)
  2 orc priests (D:5)
  2 hounds
  2 orc wizards (D:5)
  2 iguanas
  Natasha (D:2)
  6 worker ants
  A howler monkey zombie (D:5)
  4 adders
  6 oozes
  7 worms
  2 dart slugs
  3 leopard geckos
  8 orcs
  5 giant cockroaches
  10 goblins
  6 hobgoblins
  19 jackals
  4 kobolds
  2 quokkas (D:4)
  5 ball pythons
  14 bats
  6 frilled lizards
  5 rats
128 creatures vanquished.

Notes
Turn   | Place    | Note
-------+----------+-------------------------------------------
     0 | D:1      | CyclopB the Formicid Venom Mage began the quest for the Orb.
     0 | D:1      | Reached XP level 1. HP: 13/13 MP: 3/3
   157 | D:1      | Reached XP level 2. HP: 4/19 MP: 5/5
   431 | D:1      | Reached skill level 5 in Poison Magic
  1050 | D:1      | Reached XP level 3. HP: 24/24 MP: 4/6
  1096 | D:1      | Learned a level 2 spell: Poisonous Vapours
  1270 | D:1      | Reached skill level 1 in Conjurations
  1306 | D:1      | Learned a level 3 spell: Mephitic Cloud
  1763 | D:2      | Noticed Sigmund
  1947 | D:2      | Noticed Terence
  2267 | D:2      | Noticed Natasha
  2504 | D:3      | Found a runed gate.
  2523 | D:3      | Found a runed gate.
  2523 | D:3      | Found a runed gate.
  2527 | D:3      | Noticed DangYo's ghost (amateur HOMo)
  2603 | D:3      | Reached skill level 6 in Poison Magic
  2603 | D:3      | Reached XP level 4. HP: 19/30 MP: 4/7
  2750 | D:3      | Found a shattered altar of Ashenzari.
  3333 | D:3      | Found an ornate altar of the Wu Jian Council.
  3575 | D:4      | Found a basalt altar of Yredelemnul.
  3584 | D:4      | Reached XP level 5. HP: 21/35 MP: 5/8
  3804 | D:4      | Reached skill level 7 in Poison Magic
  3845 | D:4      | Reached skill level 1 in Short Blades
  3845 | D:4      | Reached XP level 6. HP: 41/41 MP: 6/9
  3871 | D:4      | Noticed an ogre
  3991 | D:4      | Noticed Edmund
  4008 | D:4      | Killed Edmund
  4041 | D:4      | Reached XP level 7. HP: 46/46 MP: 3/10
  4192 | D:4      | Found a staircase to the Ecumenical Temple.
  4201 | Temple   | Entered the Ecumenical Temple
  4441 | Temple   | Became a worshipper of Warmaster Okawaru
  4737 | D:2      | Killed Natasha
  4738 | D:2      | Noticed Robin
  5539 | D:5      | Entered Level 5 of the Dungeon
  5824 | D:5      | Found a glowing drain.
  5855 | D:5      | Reached XP level 8. HP: 51/52 MP: 6/11
  6014 | Sewer    | Entered a sewer
  6698 | Sewer    | Reached skill level 5 in Stealth
  7263 | D:5      | Reached * piety under Okawaru
  7593 | D:5      | Shot with an arrow by a centaur

Skill      XL: |  1  2  3  4  5  6  7  8 |
---------------+-------------------------+-----
Poison Magic   | 5 6 7 |  7.5
Conjurations   | 1 2 3 |  3.0
Short Blades   | 1 3 4 |  4.1
Dodging        | 2 3 |  3.7
Stealth        | 4 6 |  6.0
Slings         | |  0.4
Spellcasting   | |  2.1

Action                   |  1- 3 |  4- 6 |  7- 9 || total
-------------------------+-------+-------+-------++-------
Melee: Unarmed           |    13 |       |       ||    13
       Club              |    35 |       |       ||    35
       Dagger            |    51 |    76 |   287 ||   414
       Whip              |    11 |       |       ||    11
       Short sword       |     6 |       |       ||     6
 Fire: Hunting sling     |       |       |    13 ||    13
Throw: Stone             |    26 |    31 |    80 ||   137
 Cast: Sting             |    24 |       |       ||    24
       Poisonous Vapours |     1 |    14 |    34 ||    49
       Mephitic Cloud    |       |     1 |     6 ||     7
 Abil: Dig               |       |       |     1 ||     1
  Use: Scroll            |       |     5 |     3 ||     8
       Potion            |       |       |     3 ||     3
 Stab: Sleeping          |     3 |     2 |     9 ||    14
       Confused          |       |     1 |     3 ||     4
  Eat: Chunk             |     6 |     5 |    15 ||    26
Armor: Robe              |     8 |    14 |    46 ||    68
Dodge: Dodged            |    53 |    45 |   124 ||   222
